 Dungeon Crawl Stone Soup version 0.32-a0-306-gfed3edf829 (webtiles) character file.

Game seed: 11686434993190551684

1 espais the Shield-Bearer (level 1, 16/16 HPs)
             Began as an Octopode Fighter on Feb 14, 2024.
             Got out of the dungeon alive.
             The game lasted 00:00:17 (109 turns).

espais the Shield-Bearer (Octopode Fighter)          Turns: 109, Time: 00:00:18

Health: 16/16      AC:  1    Str: 15    XL:     1   Next: 20%
Magic:  1/1        EV: 13    Int: 10    God:
Gold:   10         SH:  4    Dex: 11    Spells: 0/0 levels left

rFire   . . .        a - +0 war axe
rCold   . . .        b - +0 buckler
rNeg    . . .        (helmet restricted)
rPois   .            (no amulet)
rElec   .            (no ring)
rCorr   .            (no ring)
SInv    .            (no ring)
Will    .....        (no ring)
Stlth   ++           (no ring)
HPRegen 0.22/turn    (no ring)
MPRegen 0.07/turn    (no ring)
                     (no ring)

%: no passive effects
@: no status effects
A: almost no armour, amphibious, 8 rings, camouflage 1, gelatinous body 1,
(nimble swimmer 1), tentacles
a: no special abilities


You escaped.
You visited 1 branch of the dungeon, and saw 1 of its levels.

You collected 10 gold pieces.

Inventory:

Hand Weapons
 a - a +0 war axe (weapon)
Armour
 b - a +0 buckler (worn)
Scrolls
 d - a scroll of fear {unknown}
Potions
 c - a potion of might


   Skills:
 + Level 3.0 Fighting
 * Level 2.0 Axes
 + Level 3.0 Dodging
 + Level 3.0 Shields


You couldn't memorise any spells.
You didn't know any spells.
Your spell library was empty.

Dungeon Overview and Level Annotations

Branches:
Dungeon (1/15)

Altars:


Innate Abilities, Weirdness & Mutations

You cannot wear most types of armour.
You are amphibious.
You can wear up to eight rings at the same time.
Your skin changes colour to match your surroundings (Stealth+).
Your rubbery body absorbs attacks. (AC +1, EV +1)
((You are camouflaged when in or above water. (Stealth+)))
You have tentacles for arms and can constrict up to eight enemies at once.


Message History

Welcome, espais the Octopode Fighter.
Are you destined to find the awesome Orb of Zot, or to die trying?
Press ? for a list of commands and other information.
Found a staircase leading out of the dungeon.
You open the door.
There is an open door here.
You now have 10 gold pieces.
d - a scroll labelled SEITOT XENT
Found a pair of boots.
You see here a +0 pair of boots.
Found a pair of boots.
You see here a +0 pair of boots.
A kobold comes into view. It is wielding a +0 dagger.
The helpless kobold fails to defend itself.
You hit the kobold but do no damage. You grab the kobold.
You constrict the kobold.
You kill the kobold!
Things that are here:
a +0 dagger; a kobold corpse A frilled lizard comes into view.
A frilled lizard is nearby!
You can't go up here!
A frilled lizard is nearby!
Press: ? - help, . - travel You can't see that place. [a staircase leading out of the dungeon.]
There is an open door here.
There is a staircase leading out of the dungeon here.
Alright, then stay!
Unknown command.
You have escaped!

.. #.# #. #.###
#.########...#
#............#
##...#####...#
#...#...#...# #.###.♣.###.#
#.#.......#.# #.+.♣.@.♣.'.#
#.#.......#.########
#.###.♣.###.#......#
#...#...#...#.####.# ###
###...#####...#.#..#.##
+.###................#....#
#.....#########..........[#
#.##### #....#.######.# #.#
#.#..#........#


There were no monsters in sight!

Vanquished Creatures
  A kobold (D:1)
1 creature vanquished.

Notes
Turn   | Place    | Note
-------+----------+-------------------------------------------
     0 | D:1      | espais the Octopode Fighter began the quest for the Orb.
     0 | D:1      | Reached XP level 1. HP: 16/16 MP: 1/1
   109 | D:$      | Got out of the dungeon alive.

Illustrated notes

Levels and vault maps discovered:
D:1:      dpeg_arrival_simpleton_c, layout_basic

Action                     || total
---------------------------++-------
  Melee: War axe           ||     1
         Constrict         ||     1
   Stab: Sleeping          ||     1

Table legend: (Time is in decaauts)
 A = Elapsed time spent in this place.
 B = Non-inter-level travel time spent in this place.
 C = Inter-level travel time spent in this place.
 D = Time resting spent in this place.
 E = Time spent auto-exploring this place.
 F = Levels seen in this place.
 G = Mean time per level.
                   A        B        C        D        E       F      G
               +--------+--------+--------+--------+--------+-----+--------+
         Total |    109 |     99 |     10 |      0 |     78 |   1 |  109.0 |
       Dungeon |    109 |     99 |     10 |      0 |     78 |   1 |  109.0 |
               +--------+--------+--------+--------+--------+-----+--------+

Top non-repeatable levels by time:
     D:1: 109 daAuts
